 Dungeon Crawl Stone Soup version 0.23.1-37-gaa34b87b72 (webtiles) character file.

Game seed: 4842035519256209768

57 Toogi the Conjurer (level 3, 0/16 HPs)
             Began as a Felid Conjurer on Mar 24, 2019.
             Slain by an iguana (10 damage)
             ... on level 3 of the Dungeon.
             The game lasted 00:05:59 (4653 turns).

Toogi the Conjurer (Felid Conjurer)                 Turns: 4653, Time: 00:05:59

Health: 0/16       AC:  1    Str:  4    XL:     3   Next: 73%
Magic:  8/8        EV: 19    Int: 17    God:
Gold:   49         SH:  0    Dex: 16    Spells: 4/7 levels left
                                        Lives:  0   Deaths: 1

rFire    . . .     SeeInvis +   (weapon unavailable)
rCold    . . .     Gourm    .   (shield unavailable)
rNeg     . . .     Faith    .   (armour unavailable)
rPois    .         Spirit   .   (helmet unavailable)
rElec    .         Reflect  .   (cloak unavailable)
rCorr    .         Harm     .   (gloves unavailable)
MR       .....                  (boots unavailable)
Stlth    +++.......             (no amulet)
HPRegen  0.05/turn              (no ring)
MPRegen  0.11/turn              (no ring)

@: quick
A: very small, no armour, no weapons or thrown items, stealth, claws 1, fangs 3,
see invisible, carnivore, speed 1, shaggy fur 1, slow metabolism 1, sharp paws
a: no special abilities


You were on level 3 of the Dungeon.
You were not hungry.

You visited 1 branch of the dungeon, and saw 3 of its levels.

You collected 49 gold pieces.

Inventory:

Scrolls
 g - a scroll of remove curse {unknown}
 j - a scroll of immolation {unknown}
 k - a scroll of magic mapping {unknown}
Potions
 a - a potion of cancellation {unknown}
 d - a potion of degeneration
 e - a potion of agility {unknown}
 f - a potion of mutation {unknown}
 i - 3 potions of heal wounds {unknown}
Comestibles
 b - 7 rations


   Skills:
 + Level 1.6 Fighting
 + Level 3.9 Dodging
 + Level 3.9 Stealth
 + Level 2.7 Spellcasting
 + Level 4.0 Conjurations


You had 4 spell levels left.
You knew the following spells:

 Your Spells              Type           Power        Failure   Level  Hunger
a - Magic Dart            Conj           ###.         3%          1    #......
b - Searing Ray           Conj           ###...       4%          2    ##.....

Your spell library contained the following spells:

 Spells                   Type           Power        Failure   Level  Hunger
 Dazzling Spray           Conj/Hex       #.....       24%         3    ###....
 Iskenderun's Mystic Bla  Conj           ###.....     32%         4    #####..
 Force Lance              Conj/Tloc      #.......     61%         4    #####..
 Fulminant Prism          Conj/Hex       #.........   61%         4    #####..


Dungeon Overview and Level Annotations

Branches:
Dungeon (3/15)

Altars:
Okawaru
Yredelemnul

Annotations:
D:3 Ijyb, Terence


Innate Abilities, Weirdness & Mutations

You cannot wear armour.
You are incapable of wielding weapons or throwing items.
Your paws allow you to move quietly. (Stealth)
You have sharp claws.
You have razor-sharp teeth.
You have supernaturally acute eyesight. (SInv)
You are carnivorous and can eat meat at any time.
You cover ground quickly.
You are covered in fur. (AC +1)
You have a slow metabolism.
Your sharp claws are effective at attacking unaware monsters.


Message History

Found a robe.
All of the chunks of flesh in your inventory have rotted away.
The iguana bites you! The iguana barely misses you.
The iguana closely misses you. The iguana misses you. The iguana misses you.
The iguana completely misses you.
An adder comes into view.
The iguana barely misses you. The iguana barely misses you.
The iguana barely misses you. The iguana barely misses you.
The iguana barely misses you. The iguana closely misses you.
The iguana misses you. The iguana misses you. The iguana bites you!
Ouch! That really hurt!
You die...

#.# #.# .# #.# #.#
.# #g# ####.##.#
#.# #....)..#
.############.#
#.......#
.@.....†g(<...#
###.......##
.############÷#
##..........###
#[###.............#
#..@ls..........#.#
#.###..........##.#
#.# ##.#######.# #
#.# #.# .# #.# ...
.# ..# .....
###.......
.........
##....[...#


You could see an iguana and a giant cockroach.

Vanquished Creatures
  An orc priest (D:3)
  An ooze (D:3)
  2 worms (D:2)
  A dart slug (D:1)
  2 leopard geckos (D:1)
  3 orcs (D:3)
  2 giant cockroaches
  8 goblins
  6 hobgoblins
  12 jackals
  7 kobolds
  3 quokkas
  6 bats
  5 frilled lizards
  6 rats
65 creatures vanquished.

Notes
Turn   | Place    | Note
-------+----------+-------------------------------------------
     0 | D:1      | Toogi the Felid Conjurer began the quest for the Orb.
     0 | D:1      | Reached XP level 1. HP: 7/7 MP: 4/4
   408 | D:1      | Reached XP level 2. HP: 12/12 MP: 3/6
   447 | D:1      | Learned a level 2 spell: Searing Ray
  1458 | D:2      | Reached XP level 3. HP: 15/15 MP: 5/7
  1506 | D:2      | Reached skill level 1 in Fighting
  2459 | D:2      | Found a basalt altar of Yredelemnul.
  3197 | D:2      | Reached XP level 4. HP: 19/19 MP: 5/8
  3228 | D:2      | Found an iron altar of Okawaru.
  3725 | D:3      | Noticed Ijyb
  3728 | D:3      | Paralysed by Ijyb for 6 turns
  4285 | D:3      | Reached skill level 4 in Conjurations
  4611 | D:3      | Noticed Terence
  4616 | D:3      | Slain by Ijyb
  4617 | D:3      | Reached XP level 3. HP: -1/16 MP: 0/8
  4653 | D:3      | Slain by an iguana

Skill      XL: |  1  2  3  4 |
---------------+-------------+-----
Stealth        | 3 |  3.9
Dodging        | 3 |  3.9
Fighting       | 1 |  1.6
Conjurations   | 4 |  4.0
Spellcasting   | |  2.7

Action                   |  1- 3 |  4- 6 || total
-------------------------+-------+-------++-------
Melee: Unarmed           |    23 |    27 ||    50
       Bite              |     2 |     3 ||     5
 Cast: Magic Dart        |    70 |    38 ||   108
       Searing Ray       |     7 |    11 ||    18
  Use: Scroll            |       |     1 ||     1
       Potion            |       |     1 ||     1
 Stab: Sleeping          |       |     1 ||     1
  Eat: Chunk             |    12 |     4 ||    16
Armor: Skin              |       |     2 ||     2
Dodge: Dodged            |    59 |    54 ||   113
